 Dungeon Crawl Stone Soup version 0.31.0-11-ge490571c62 (webtiles) character file.

Game seed: 8956674242777254597

104 qw the Shooter (level 4, 0/25 HPs)
             Began as a Deep Elf Hunter on Feb 5, 2024.
             Slain by an orc
             ... wielding a +0 dagger
              (4 damage)
             ... on level 3 of the Dungeon.
             The game lasted 00:00:25 (1276 turns).

qw the Shooter (Deep Elf Hunter)                    Turns: 1276, Time: 00:00:25

Health: 0/25       AC:  3    Str: 10    XL:     4   Next: 52%
Magic:  6/6        EV: 12    Int: 14    God:
Gold:   125        SH:  0    Dex: 18    Spells: 3/3 levels left

rFire   . . .        a - +1 shortbow (heavy)
rCold   . . .        (shield currently unavailable)
rNeg    . . .        c - +0 leather armour
rPois   .            (no helmet)
rElec   .            (no cloak)
rCorr   .            (no gloves)
SInv    .            (no boots)
Will    .....        (no amulet)
Stlth   ++           (no ring)
HPRegen 0.24/turn    (no ring)
MPRegen 0.10/turn

%: no passive effects
@: no status effects
A: no striking features
a: no special abilities


You were on level 3 of the Dungeon.
You visited 1 branch of the dungeon, and saw 3 of its levels.

You collected 125 gold pieces.


   Skills:
 - Level 1.5 Fighting
 + Level 7.9 Ranged Weapons
 - Level 2.4 Dodging
 - Level 1.2 Stealth


You had 3 spell levels left.
You didn't know any spells.
Your spell library was empty.

Inventory:

Hand Weapons
 a - a +1 heavy shortbow (weapon)
Armour
 c - a +0 leather armour (worn)
Potions
 e - a potion of magic {unknown}
 i - a potion of might {unknown}
 j - 2 potions of curing

Dungeon Overview and Level Annotations

Branches:
Dungeon (3/15)

Altars:

Shops:
D:1 [


Message History

You shoot an arrow. The orc shouts!
The arrow hits the orc wizard!
The orc wizard is heavily wounded.
You hear an angry hiss.
You hear a shout!
You shoot an arrow. The arrow hits the orc wizard!
You kill the orc wizard!
A ball python comes into view.
An orc wizard comes into view. It is wielding a +0 dagger.
An orc comes into view. It is wielding a +0 whip.
The ball python moves out of view.
1267 ||| RETREEEEATING.
An orc comes into view. It is wielding a +0 mace.
1268 ||| RETREEEEATING.
You shoot an arrow. The arrow hits the orc.
The orc is moderately wounded.
1270 ||| RETREEEEATING.
You shoot an arrow. The arrow closely misses the orc.
The orc shouts!
The arrow hits the orc!
You kill the orc!
The orc hits you with a +0 falchion. x2
You shoot an arrow. The arrow hits the orc!
You kill the orc!
You shoot an arrow. The arrow closely misses the orc.
The arrow hits the orc!
You kill the orc!
The orc hits you with a +0 dagger.
You shoot an arrow. The arrow hits the orc!!
You kill the orc!
You hear a shout!
You shoot an arrow. The arrow closely misses the orc.
The orc wizard gestures at you while chanting.
The magic dart hits you! The orc hits you with a +0 dagger.
You shoot an arrow. The arrow barely misses the orc.
The orc barely misses you.
The orc wizard gestures wildly while chanting.
The orc wizard flickers and vanishes!
Deactivating autopickup; reactivate with Ctrl-A.
The orc hits you with a +0 dagger.
You die...

##### .....
####...
#...{.
#...##'
#....#
#@#<.#
#oo.###
##....#
#..).)..#
####.#.)>oo
.# ##o. ##
.


You could see 2 orcs.

Vanquished Creatures
  An orc wizard (D:3)
  2 adders (D:2)
  2 dart slugs
  4 orcs (D:3)
  2 bats (D:1)
  4 endoplasms
  2 giant cockroaches (D:1)
  A goblin (D:2)
  6 hobgoblins
  2 quokkas (D:1)
  4 ball pythons
  2 frilled lizards
  8 kobolds
  11 rats
51 creatures vanquished.

Notes
Turn   | Place    | Note
-------+----------+-------------------------------------------
     0 | D:1      | qw the Deep Elf Hunter began the quest for the Orb.
     0 | D:1      | Reached XP level 1. HP: 12/12 MP: 3/3
     0 | D:1      | 0 ||| qw: Version: 0.3-a-160-g6735b56
     0 | D:1      | 0 ||| qw: Game counter: 6195
     0 | D:1      | 0 ||| qw: Melee chars always use a shield: true
     0 | D:1      | 0 ||| qw: God list: Okawaru
     0 | D:1      | 0 ||| qw: Allow faded altars: false
     0 | D:1      | 0 ||| qw: Do Orc after clearing Dungeon:15 true
     0 | D:1      | 0 ||| qw: Do second Lair branch before Depths: true
     0 | D:1      | 0 ||| qw: Lair rune preference: random
     0 | D:1      | 0 ||| qw: Goals: Normal
     0 | D:1      | 0 ||| PLANNING D:1-11
    55 | D:1      | Reached XP level 2. HP: 16/16 MP: 4/4
    64 | D:1      | Reached skill level 6 in Ranged Weapons
   257 | D:1      | Found Huygguk's Antique Armour Boutique.
   276 | D:1      | 276 ||| SHOPLISTING runed leather armour (105 gold, have
                  | 77).
   276 | D:1      | 276 ||| SHOPLISTING scale mail (84 gold, have 77).
   540 | D:1      | 540 ||| READING 2 scrolls labelled BEMPODANGA.
   541 | D:1      | 541 ||| READING scroll labelled DOCOUCIJAD.
   544 | D:1      | 544 ||| READING scroll labelled KECHACR GIOH.
   544 | D:1      | 544 ||| IDENTIFYING amethyst potion
   545 | D:1      | 545 ||| READING scroll labelled YWKYSSI YS MAM.
   545 | D:1      | 545 ||| ENCHANTING +0 shortbow.
   546 | D:1      | 546 ||| DROPPING scroll of butterflies.
   547 | D:1      | 547 ||| DROPPING potion of brilliance.
   548 | D:1      | 548 ||| DROPPING scroll of fog.
   581 | D:2      | Reached XP level 3. HP: 20/20 MP: 5/5
   659 | D:2      | Reached skill level 7 in Ranged Weapons
  1005 | D:2      | Found a faded altar of an unknown god.
  1028 | D:2      | Reached XP level 4. HP: 25/25 MP: 6/6
  1234 | D:2      | 1234 ||| READING scroll labelled XOOKIRR OGRYWU.
  1234 | D:2      | 1234 ||| ENCHANTING +1 shortbow.
  1235 | D:2      | 1235 ||| READING 2 scrolls labelled ELIGOPOE KINA.
  1235 | D:2      | 1235 ||| BRANDING +1 shortbow.
  1236 | D:2      | 1236 ||| READING scroll of brand weapon.
  1236 | D:2      | 1236 ||| BRANDING +1 shortbow of draining.
  1237 | D:2      | 1237 ||| DRINKING 3 metallic red potions.
  1267 | D:3      | 1267 ||| RETREEEEATING.
  1268 | D:3      | 1268 ||| RETREEEEATING.
  1270 | D:3      | 1270 ||| RETREEEEATING.
  1275 | D:3      | HP: 5/25 [orc wizard/magic dart (8)]
  1276 | D:3      | Slain by an orc

Levels and vault maps discovered:
D:1:      dpeg_arrival_ratfight, layout_basic, serial_shops, shop_coins,
          minmay_cut_off
D:2:      layout_loops_ring, chequers_ecumenical_altar_island
D:3:      layout_basic, lemuel_crystal_altar, serial_rivers,
          chequers_serial_rivers_room_a, chequers_serial_rivers_micro_c,
          chequers_serial_rivers_small_3, chequers_serial_rivers_marsh

Skill      XL: |  1  2  3 |
---------------+----------+-----
Ranged Weapons | 6 7 |  7.9
Fighting       | |  1.5
Dodging        | |  2.4
Stealth        | |  1.2

Action                     |  1- 3 |  4- 6 || total
---------------------------+-------+-------++-------
   Fire: Shortbow          |   124 |    15 ||   139
    Use: Scroll            |     4 |     3 ||     7
         Potion            |       |     1 ||     1
 Armour: Leather armour    |    26 |     6 ||    32
  Dodge: Dodged            |    21 |     2 ||    23

Table legend:
 A = Non-vault XP
 B = Vault XP
 C = Vault XP percentage of total XP
 D = Non-vault monster count
 E = Vault monster count
 F = Vault count percentage of total count
                 A         B        C        D         E       F
            +---------+---------+-------+---------+---------+-------
      Total |     144 |       5 |   3.4 |      46 |       5 |   9.8
            +---------+---------+-------+---------+---------+-------
        D:1 |      35 |       5 |  12.5 |      20 |       5 |  20.0
        D:2 |      60 |       0 |   0.0 |      21 |       0 |   0.0
        D:3 |      49 |       0 |   0.0 |       5 |       0 |   0.0
            +---------+---------+-------+---------+---------+-------
